 Dungeon Crawl Stone Soup version 0.28.0-1-gb440e238dd (webtiles) character file.

Game seed: 8374797574877670622

75 Descartes the Skirmisher (level 4, -1/35 HPs)
             Began as a Mummy Wanderer on Feb 27, 2022.
             Slain by an orc priest (10 damage)
             ... on level 2 of the Dungeon.
             The game lasted 00:08:19 (3287 turns).

Descartes the Skirmisher (Mummy Wanderer)           Turns: 3287, Time: 00:08:20

Health: -1/35      AC:  3    Str: 15    XL:     4   Next: 11%
Magic:  2/7        EV: 11    Int: 14    God:
Gold:   61         SH:  0    Dex: 10    Spells: 4/7 levels left

rFire   x . .      SeeInvis .   a - +0 club
rCold   + . .      Faith    .   (no shield)
rNeg    + + +      Spirit   .   j - +0 leather armour
rPois   ∞          Reflect  .   (no helmet)
rElec   .          Harm     .   (no cloak)
rCorr   .          Rampage  .   (no gloves)
Will    .....                   (no boots)
Stlth   +.........              (no amulet)
HPRegen 0.11/turn               (no ring)
MPRegen 0.10/turn               (no ring)

@: very slightly contaminated
A: cold resistance 1, negative energy resistance 3, torment resistance 2, heat
vulnerability 1, no potions
a: no special abilities


You were on level 2 of the Dungeon.
You visited 1 branch of the dungeon, and saw 3 of its levels.

You collected 61 gold pieces.

Inventory:

Hand Weapons
 a - a +0 club (weapon)
Missiles
 o - 26 stones (quivered)
Armour
 b - a +0 robe
 d - a +0 tower shield
 j - a +0 leather armour (worn)
 p - a +0 ring mail
Magical Staves
 h - a staff of conjuration
Jewellery
 l - an amulet of reflection
Scrolls
 c - a scroll of fog
 e - a scroll of acquirement {unknown}
 f - a scroll of teleportation {unknown}
 g - a scroll of holy word {unknown}
 i - 2 scrolls of fear {unknown}
 k - a scroll of enchant weapon {unknown}
 m - a scroll of noise {unknown}
 n - a scroll of identify {unknown}


   Skills:
 + Level 3.4 Fighting
 - Level 1.0 Armour
 - Level 1.3 Stealth
 + Level 1.0 Shields
 + Level 2.2 Spellcasting
 + Level 0.4 Conjurations
 + Level 2.5 Necromancy
 + Level 2.0 Fire Magic


You had 4 spell levels left.
You knew the following spells:

 Your Spells              Type           Power      Damage    Failure   Level
a - Pain                  Necr           32%        1d5       11%         1
b - Animate Skeleton      Necr           16%        N/A       11%         1
c - Foxfire               Conj/Fire      20%        2x1d5     17%         1

Your spell library contained the following spells:

 Spells                   Type           Power      Damage    Failure   Level
 Sting                    Tmut/Pois      4%         1d3       28%         1
 Poisonous Vapours        Pois/Air       2%         N/A       41%         2
 Inner Flame              Hex/Fire       4%         N/A       50%         3
 Dispel Undead            Necr           8%         3d8       71%         4
 Olgreb's Toxic Radiance  Pois           1%         N/A       96%         4


Dungeon Overview and Level Annotations

Branches:
Dungeon (3/15)

Altars:

Shops:
D:1 *

Annotations:
D:3 Robin


Innate Abilities, Weirdness & Mutations

You are immune to poison.
Your flesh is cold resistant. (rC+)
You are immune to negative energy. (rN+++)
You are immune to unholy pain and torment.
You are vulnerable to heat. (rF-)
You do not drink.


Message History

Confirm with . or Enter, or press ? or * to list all spells.
Aiming: Pain (safe; 11% risk of failure)
Press: ? - help, Shift-Dir - straight line, f - orc priest
Aim: an orc priest, wielding a +0 flail and wearing a +0 ring mail (chance to affect: 59%)
The orc priest resists with significant effort.
The orc priest hits you with a +0 flail.
Casting: Pain (safe; 11% risk of failure)
Confirm with . or Enter, or press ? or * to list all spells.
Aiming: Pain (safe; 11% risk of failure)
Press: ? - help, Shift-Dir - straight line, f/p - orc priest
Aim: an orc priest, wielding a +0 flail and wearing a +0 ring mail (chance to affect: 59%)
You miscast Pain.
You are very lightly contaminated with residual magic.
Nothing appears to happen.
The orc priest hits you with a +0 flail.
Casting: Pain (safe; 11% risk of failure)
Confirm with . or Enter, or press ? or * to list all spells.
Aiming: Pain (safe; 11% risk of failure)
Press: ? - help, Shift-Dir - straight line, f/p - orc priest
Aim: an orc priest, wielding a +0 flail and wearing a +0 ring mail (chance to affect: 59%)
The orc priest writhes in agony.
The orc priest hits you with a +0 flail.
Casting: Pain (safe; 11% risk of failure)
Confirm with . or Enter, or press ? or * to list all spells.
Aiming: Pain (safe; 11% risk of failure)
Press: ? - help, Shift-Dir - straight line, f/p - orc priest
Aim: an orc priest, wielding a +0 flail and wearing a +0 ring mail (lightly wounded, chance to affect: 59%)
The orc priest writhes in agony.
The orc priest misses you.
Casting: Pain (safe; 11% risk of failure)
Confirm with . or Enter, or press ? or * to list all spells.
There is nothing nearby to animate!
Casting: Animate Skeleton (safe; 11% risk of failure)
Confirm with . or Enter, or press ? or * to list all spells.
There is nothing nearby to animate!
You hit the orc priest but do no damage.
The orc priest is moderately wounded.
The orc priest hits you with a +0 flail!
* * * LOW HITPOINT WARNING * * *
The orc priest hits you with a +0 flail!
You die...

# ######## ##########......##
.......##........##
######............# ############
..# ###..........# ##...#......#
#.# #..........###...........#
#.# #..........##............#
#.# #...........#.......##..##
#.### ##......o@#...............
#...# ##!.....>...........#.....
###.# #.......[.................
#.## #..........##.............
###..# #..........##.............
...#.###..........##.............
.......#...........##............
.).##............#.###....#......
.................#.####...##.....


You could see an orc priest.

Vanquished Creatures
  2 adders (D:1)
  A dart slug (D:1)
  5 orcs
  4 endoplasms
  2 giant cockroaches
  9 hobgoblins
  3 jackals (D:1)
  5 kobolds
  4 quokkas
  2 ball pythons
  6 bats
  A frilled lizard (D:1)
  A rat (D:2)
45 creatures vanquished.

Vanquished Creatures (others)
  A foxfire (D:3)
1 creature vanquished.

Grand Total: 46 creatures vanquished

Notes
Turn   | Place    | Note
-------+----------+-------------------------------------------
     0 | D:1      | Descartes the Mummy Wanderer began the quest for the Orb.
     0 | D:1      | Descartes set off with the following items: a +0 club, a +0
                  | robe, a scroll of fog; and the following spells available
                  | to memorise: Animate Skeleton, Pain, Foxfire, Inner Flame,
                  | Dispel Undead
     0 | D:1      | Reached XP level 1. HP: 18/18 MP: 2/2
     2 | D:1      | Learned a level 1 spell: Pain
     4 | D:1      | Learned a level 1 spell: Animate Skeleton
   265 | D:1      | Found Zaheolov's Assorted Antiques.
   394 | D:1      | Reached XP level 2. HP: 24/24 MP: 1/4
   998 | D:1      | Found a faded altar of an unknown god.
  1492 | D:1      | Reached XP level 3. HP: 29/29 MP: 1/5
  1617 | D:1      | Learned a level 1 spell: Foxfire
  2325 | D:2      | Reached skill level 1 in Shields
  2742 | D:3      | Noticed Robin
  2759 | D:3      | Reached XP level 4. HP: 35/35 MP: 4/7
  3287 | D:2      | Slain by an orc priest

Illustrated notes

Levels and vault maps discovered:
D:1:      dpeg_arrival_arbitrary_b, layout_basic, serial_shops, shop,
          dilly_ecumenical_altar_fadedgnrine, minivault_27, minmay_hexomino_c4
D:2:      layout_rooms
D:3:      layout_loops_ring, uniq_sigmund, uniq_robin

Skill      XL: |  1  2  3 |
---------------+----------+-----
Spellcasting   | 2 |  2.2
Fire Magic     | 2 |  2.0
Shields        | 1 |  1.0
Fighting       | |  3.4
Armour         | |  1.0
Stealth        | |  1.3
Conjurations   | |  0.4
Necromancy     | |  2.5

Action                   |  1- 3 |  4- 6 || total
-------------------------+-------+-------++-------
Melee: Club              |    16 |     4 ||    20
 Cast: Pain              |    92 |    30 ||   122
       Animate Skeleton  |     2 |       ||     2
       Foxfire           |     1 |       ||     1
Armor: Robe              |    11 |       ||    11
       Leather armour    |    17 |     4 ||    21
Dodge: Dodged            |    66 |    13 ||    79
